 Dungeon Crawl Stone Soup version 0.31-a0-218-g813d01f837 (webtiles) character file.

Game seed: 16670235568322619792

174 qw the Shooter (level 5, -8/30 HPs)
             Began as a Gargoyle Hexslinger on July 3, 2023.
             Mangled by an ogre
             ... wielding a +0 giant club
              (22 damage)
             ... on level 4 of the Dungeon.
             The game lasted 00:00:54 (1626 turns).

qw the Shooter (Gargoyle Hexslinger)                Turns: 1626, Time: 00:00:55

Health: -8/30      AC: 15    Str: 12    XL:     5   Next: 54%
Magic:  6/6        EV: 10    Int: 13    God:
Gold:   130        SH:  0    Dex: 14    Spells: 5/6 levels left

rFire   . . .        Y - +1 sling
rCold   . . .        (no shield)
rNeg    + . .        e - +0 ring mail
rPois   inf          (no helmet)
rElec   +            m - +0 cloak
rCorr   .            c - +2 pair of gloves
SInv    .            h - +1 pair of boots
Will    .....        g - amulet of regeneration
Stlth   +            (no ring)
HPRegen 1.05/turn    (no ring)
MPRegen 0.10/turn

%: no passive effects
@: attractive
A: sickness immunity, AC +4, negative energy resistance 1, electricity
resistance, torment resistance 1, petrification resistance
a: no special abilities


You were on level 4 of the Dungeon.
You visited 1 branch of the dungeon, and saw 4 of its levels.

You collected 130 gold pieces.


Innate Abilities, Weirdness & Mutations

You are immune to sickness and miasma.
Your stone body is resilient. (AC +4)
You are immune to poison.
You resist negative energy. (rN+)
You are resistant to electric shocks. (rElec)
You are resistant to unholy torment.
You are immune to petrification.


   Skills:
 + Level 2.2 Fighting
 - Level 5.0 Ranged Weapons
 - Level 1.0 Armour
 - Level 1.5 Dodging
 - Level 1.0 Spellcasting
 - Level 2.6 Hexes


You had 5 spell levels left.
You knew the following spells:

 Your Spells              Type           Power      Damage    Failure   Level
a - Slow                  Hex            28%        N/A       22%         1

Your spell library contained the following spells:

 Spells                   Type           Power      Damage    Failure   Level
 Inner Flame              Hex/Fire       4%         N/A       73%         3
 Portal Projectile        Hex/Tloc       8%         N/A       73%         3
 Cause Fear               Hex            3%         N/A       91%         4

Inventory:

Hand Weapons
 Y - a +1 sling (weapon)
Armour
 c - a +2 pair of gloves (worn)
 e - a +0 ring mail (worn)
 h - a +1 pair of boots (worn)
 m - a +0 cloak (worn)
Jewellery
 g - an amulet of regeneration (around neck)
Scrolls
 b - a scroll of identify
Potions
 j - a potion of brilliance {unknown}
 k - a potion of lignification {unknown}
 l - a potion of mutation {unknown}

Dungeon Overview and Level Annotations

Branches:
Dungeon (4/15)
 Temple: D:4-7

Altars:
Qazlal


Message History

An ogre comes into view. It is wielding a +0 giant club.
Found 8 gold pieces.
The ogre shouts!
The ogre is attracted toward you.
You shoot a sling bullet. The sling bullet hits the ogre.
The ogre is lightly wounded.
The ogre barely misses you.
You shoot a sling bullet. The sling bullet hits the ogre.
The ogre is lightly wounded.
The ogre hits you with a +0 giant club!
Ouch! That really hurt!
You shoot a sling bullet.
The sling bullet closely misses the ogre.
You shoot a sling bullet.
The sling bullet hits the ogre but does no damage.
The ogre is lightly wounded.
The ogre barely misses you.
You shoot a sling bullet. The sling bullet hits the ogre.
The ogre is lightly wounded.
The ogre barely misses you.
You shoot a sling bullet. The sling bullet hits the ogre.
The ogre is heavily wounded.
The ogre hits you with a +0 giant club!
You shoot a sling bullet. The sling bullet hits the ogre.
The ogre is heavily wounded.
You feel your willpower return. The ogre barely misses you.
You shoot a sling bullet. The sling bullet hits the ogre.
The ogre is heavily wounded.
You shoot a sling bullet. The sling bullet hits the ogre.
The ogre is severely wounded.
The ogre barely misses you.
You shoot a sling bullet. The sling bullet hits the ogre.
The ogre is severely wounded.
The ogre closely misses you.
You shoot a sling bullet.
The sling bullet barely misses the ogre.
The ogre hits you with a +0 giant club!!
Ouch! That really hurt!
You die...

### #.#
#######.#
....$.O.#
#@# #.#
#.# #.#
#####.#
#<....#
####..#
#..# #..#


You could see an ogre.

Vanquished Creatures
  4 gnolls (D:3)
  8 adders
  2 worms
  An orc (D:3)
  2 bats
  8 endoplasms
  5 giant cockroaches
  4 goblins
  A hobgoblin (D:3)
  6 jackals
  3 kobolds
  8 ball pythons
  3 frilled lizards
  4 rats
59 creatures vanquished.

Notes
Turn   | Place    | Note
-------+----------+-------------------------------------------
     0 | D:1      | qw the Gargoyle Hexslinger began the quest for the Orb.
     0 | D:1      | Reached XP level 1. HP: 12/12 MP: 2/2
     0 | D:1      | 0 ||| qw: Version: 0.3-a-40-ge99b1a8
     0 | D:1      | 0 ||| qw: Game counter: 312
     0 | D:1      | 0 ||| qw: Melee chars always use a shield: true
     0 | D:1      | 0 ||| qw: God list: Okawaru
     0 | D:1      | 0 ||| qw: Allow faded altars: false
     0 | D:1      | 0 ||| qw: Do Orc after clearing Dungeon:15 true
     0 | D:1      | 0 ||| qw: Do second Lair branch before Depths: true
     0 | D:1      | 0 ||| qw: Lair rune preference: random
     0 | D:1      | 0 ||| qw: Goals: Normal
     0 | D:1      | 0 ||| PLANNING D:1-11
    52 | D:1      | Reached XP level 2. HP: 16/16 MP: 3/3
   142 | D:1      | Reached skill level 3 in Ranged Weapons
   490 | D:1      | Found a faded altar of an unknown god.
   564 | D:1      | 564 ||| UPGRADING to +0 ring mail.
   574 | D:1      | 574 ||| DROPPING +0 robe.
   575 | D:1      | 575 ||| UPGRADING to +0 pair of boots.
   580 | D:1      | 580 ||| UPGRADING to +0 cloak.
   585 | D:1      | 585 ||| UPGRADING to amulet of regeneration.
   590 | D:1      | 590 ||| READING scroll labelled VUQOALALUE.
   591 | D:1      | 591 ||| READING scroll labelled BORCHE CAUCS.
   592 | D:1      | 592 ||| DROPPING scroll of poison.
   621 | D:2      | 621 ||| STAIRDANCE
   630 | D:1      | Reached XP level 3. HP: 21/21 MP: 4/4
   652 | D:2      | Reached skill level 1 in Armour
   838 | D:2      | Reached XP level 4. HP: 26/26 MP: 5/5
   914 | D:2      | Found a stormy altar of Qazlal.
  1116 | D:2      | 1116 ||| READING 2 scrolls labelled PIMOPSOPHU.
  1117 | D:2      | 1117 ||| READING scroll of enchant armour.
  1117 | D:2      | 1117 ||| ENCHANTING +0 pair of boots.
  1118 | D:2      | 1118 ||| READING scroll labelled UGIDAV ETORO.
  1184 | D:3      | Reached skill level 4 in Ranged Weapons
  1300 | D:3      | Reached XP level 5. HP: 30/30 MP: 6/6
  1579 | D:3      | Reached skill level 5 in Ranged Weapons
  1587 | D:3      | 1587 ||| UPGRADING to +2 pair of gloves.
  1592 | D:3      | 1592 ||| READING scroll labelled BIJAXT YLANAEV.
  1593 | D:3      | 1593 ||| DRINKING 2 viscous green potions.
  1594 | D:3      | 1594 ||| READING 2 scrolls of identify.
  1594 | D:3      | 1594 ||| IDENTIFYING ruby potion
  1595 | D:3      | 1595 ||| DROPPING potion of ambrosia.
  1596 | D:3      | 1596 ||| DROPPING potion of attraction.
  1615 | D:4      | Noticed an ogre
  1626 | D:4      | Mangled by an ogre

Levels and vault maps discovered:
D:1:      noname_arrival_rooms_in_the_neighbourhood, layout_rooms,
          hellmonk_ecumenical_altar_zigzags
D:2:      layout_rooms, basic_altar, minmay_misc_feat_pillars, hex_large,
          minivault_11
D:3:      layout_rooms
D:4:      layout_basic, minmay_temple_entry_statues_pillars

Skill      XL: |  1  2  3  4  5 |
---------------+----------------+-----
Ranged Weapons | 3 4 5 |  5.0
Fighting       | 2 |  2.2
Armour         | 1 |  1.0
Dodging        | |  1.5
Spellcasting   | |  1.0
Hexes          | |  2.6

Action                     |  1- 3 |  4- 6 || total
---------------------------+-------+-------++-------
   Fire: Sling             |    86 |   146 ||   232
    Use: Scroll            |     2 |     5 ||     7
         Potion            |       |     1 ||     1
 Armour: Robe              |     4 |       ||     4
         Ring mail         |    14 |    54 ||    68
  Dodge: Dodged            |    24 |    64 ||    88

Table legend:
 A = Non-vault XP
 B = Vault XP
 C = Vault XP percentage of total XP
 D = Non-vault monster count
 E = Vault monster count
 F = Vault count percentage of total count
                 A         B        C        D         E       F
            +---------+---------+-------+---------+---------+-------
      Total |     249 |       0 |   0.0 |      59 |       0 |   0.0
            +---------+---------+-------+---------+---------+-------
        D:1 |      43 |       0 |   0.0 |      18 |       0 |   0.0
        D:2 |      66 |       0 |   0.0 |      19 |       0 |   0.0
        D:3 |     140 |       0 |   0.0 |      22 |       0 |   0.0
            +---------+---------+-------+---------+---------+-------
